 Dungeon Sprint DCSS version 0.30-a0-930-gb9d0489357 (webtiles) character file.

Game seed: 9709471035522440983

299 fozzywoppz the Shield-Bearer (level 6, -2/44 HPs)
             Began as a Gargoyle Fighter on Mar 24, 2023.
             Slain by a slime creature (15 damage)
             ... in the Dungeon (Sprint I: "Red Sonja").
             The game lasted 00:01:13 (146 turns).

fozzywoppz the Shield-Bearer (Gargoyle Fighter)      Turns: 146, Time: 00:01:14

Health: -2/44      AC: 12    Str: 22    XL:     6   Next: 36%
Magic:  6/6        EV:  9    Int:  8    God:
Gold:   162        SH:  5    Dex:  9    Spells: 5/5 levels left

rFire   . . .      SeeInvis .    a - +0 flail
rCold   . . .      Faith    .    c - +0 buckler
rNeg    + . .      Spirit   .    b - +0 scale mail
rPois   ∞          Reflect  .    (no helmet)
rElec   +          Rampage  .    (no cloak)
rCorr   .          NoTele   +    (no gloves)
Will    .....                    (no boots) Stlth
                                 (no amulet)
HPRegen 0.27/turn                (no ring)
MPRegen 0.10/turn                (no ring)

@: no status effects
A: sickness immunity, AC +4, negative energy resistance 1, electricity
resistance, torment resistance 1, petrification resistance
a: no special abilities


You were in the Dungeon.
You visited 1 branch You collected 162 gold pieces.

Inventory:

Hand Weapons
 a - a +0 flail (weapon)
Armour
 b - a +0 scale mail (worn)
 c - a +0 buckler (worn)
Wands
 k - a wand of paralysis (6)
Scrolls
 j - a scroll of blinking
Potions
 d - a potion of might
 e - a potion of curing
 g - a potion of haste
 h - 2 potions of magic
 i - a potion of berserk rage


   Skills:
 + Level 7.8 Fighting
 + Level 6.7 Maces & Flails
 + Level 7.8 Armour
 + Level 7.8 Shields


You had 5 spell levels left.
You didn't know any spells.
Your spell library was empty.

Dungeon Overview and Level Annotations

Branches:
Dungeon (1/1)

Altars:
Makhleb
Sif Muna
Vehumet
Wu Jian
Xom
Jiyva
Lugonu


Innate Abilities, Weirdness & Mutations

You are immune to sickness and miasma.
Your stone body is resilient. (AC +4)
You are immune to poison.
You resist negative energy. (rN+)
You are resistant to electric shocks. (rElec)
You are resistant to unholy torment.
You are immune to petrification.


Message History

Press: ? - help, Shift-Dir - straight line, f - slime creature
Aim: a slime creature (chance to affect: 31%)
The slime creature easily resists.
The slime creature hits you!
You hit the slime creature.
The slime creature is lightly wounded.
The slime creature hits you but does no damage.
You sock the slime creature!
The slime creature is moderately wounded.
The slime creature barely misses you.
You sock the slime creature!
The slime creature is heavily wounded.
The slime creature hits you.
You hit the slime creature.
The slime creature is heavily wounded.
The slime creature hits you! You block the slime creature's attack.
You hit the slime creature but do no damage.
The slime creature is heavily wounded.
The slime creature hits you.
You hit the slime creature but do no damage.
The slime creature is heavily wounded.
The slime creature hits you!
* * * LOW HITPOINT WARNING * * *
You feel much better. The slime creature hits you.
You hit the slime creature but do no damage.
The slime creature is heavily wounded.
You block the slime creature's attack.
You hit the slime creature.
The slime creature is heavily wounded.
The slime creature hits you.
You hit the slime creature.
The slime creature is severely wounded.
The slime creature hits you!
* * * LOW HITPOINT WARNING * * *
You barely miss the slime creature.
The slime creature is severely wounded.
You block the slime creature's attack.
You hit the slime creature but do no damage.
The slime creature is severely wounded.
The slime creature hits you!
You die...

################ ##
#<.#..').#..'..#__#
#..').#..').#.@J..+
#..#####'#####'#__#
#..# #..# #)# ##
#..# #### #(# #..#
_.+ #⌠⌠# .._# ####
_.#+# ##+


You could see a slime creature.

Vanquished Creatures
  Sigmund (D)
  An ogre (D)
  A jelly (D)
  Ijyb (D)
4 creatures vanquished.

Notes
Turn   | Place    | Note
-------+----------+-------------------------------------------
     0 | D        | fozzywoppz the Gargoyle Fighter began the quest for the
                  | Orb.
     0 | D        | Reached XP level 1. HP: 14/14 MP: 1/1
     1 | D        | Noticed Ijyb
     5 | D        | Paralysed by Ijyb for 4 turns
    11 | D        | Killed Ijyb
    12 | D        | Reached XP level 2. HP: 15/20 MP: 2/2
    12 | D        | Reached XP level 3. HP: 18/24 MP: 3/3
    35 | D        | Noticed an ogre
    38 | D        | Killed an ogre
    39 | D        | Reached XP level 4. HP: 32/32 MP: 4/4
    49 | D        | Noticed Sigmund
    65 | D        | Killed Sigmund
    66 | D        | Reached XP level 5. HP: 28/38 MP: 5/5
    66 | D        | Reached XP level 6. HP: 33/44 MP: 6/6
   118 | D        | Found an ornate altar of the Wu Jian Council.
   118 | D        | Found a shimmering blue altar of Sif Muna.
   119 | D        | Found a burning altar of Makhleb.
   119 | D        | Found a viscous altar of Jiyva.
   119 | D        | Found a shimmering altar of Xom.
   119 | D        | Found a corrupted altar of Lugonu.
   119 | D        | Noticed a slime creature
   124 | D        | Found a radiant altar of Vehumet.
   146 | D        | Slain by a slime creature

Illustrated notes

Levels and vault maps discovered:
D:        dungeon_sprint_1 [red_sonja_temple_1, red_sonja_temple_small_1]

Skill      XL: |  1  2  3  4 |
---------------+-------------+-----
Fighting       | 4 6 7 |  7.8
Maces & Flails | 3 4 6 |  6.7
Armour         | 4 6 7 |  7.8
Shields        | 4 6 7 |  7.8

Action                     |  1- 3 |  4- 6 || total
---------------------------+-------+-------++-------
  Melee: Flail             |     9 |    27 ||    36
  Evoke: Wand              |       |     2 ||     2
    Use: Potion            |       |     1 ||     1
   Stab: Paralysed         |       |     1 ||     1
 Armour: Scale mail        |       |     4 ||     4
  Dodge: Dodged            |     5 |     4 ||     9
  Block: Buckler           |     2 |     5 ||     7

Table legend: (Time is in decaauts)
 A = Elapsed time spent in this place.
 B = Non-inter-level travel time spent in this place.
 C = Inter-level travel time spent in this place.
 D = Time resting spent in this place.
 E = Time spent auto-exploring this place.
 F = Levels seen in this place.
 G = Mean time per level.
                   A        B        C        D        E       F      G
               +--------+--------+--------+--------+--------+-----+--------+
         Total |    152 |    152 |      0 |     58 |      0 |   1 |  152.0 |
       Dungeon |    152 |    152 |      0 |     58 |      0 |   1 |  152.0 |
               +--------+--------+--------+--------+--------+-----+--------+

Top non-repeatable levels by time:
       D: 152 daAuts
